[Event "ICC tourney 2532 (25 5)"]
[Site "Internet Chess Club"]
[Date "2021.04.24"]
[Round "4"]
[White "NAIR, ADVAIT:K12-15900267"]
[Black "AMIT SONEJI, ARIN:K12-16463845"]
[Result "1-0"]
[ICCResult "Black checkmated"]
[WhiteElo "1749"]
[BlackElo "871"]
[Opening "French: advance, Paulsen attack"]
[ECO "C02"]
[NIC "FR.03"]
[Time "17:07:26"]
[PlyCount "43"]
[TimeControl "1500+5"]

1. e4 e6 2. d4 d5 3. e5 c5 4. c3 Nc6 5. Nf3 Nge7 6. a3 Nf5 7. b4 cxd4 8.
cxd4 Qb6 9. Be3 Nxe3 10. fxe3 Bd7 11. Bd3 a5 12. b5 Na7 13. a4 Bb4+ 14.
Nbd2 O-O 15. O-O Nc8 16. Bxh7+ Kxh7 17. Ng5+ Kg6 18. Qg4 f6 19. exf6 gxf6
20. Nh7+ Kxh7 21. Rf3 e5 22. Rh3# { Black checkmated } 1-0

[Event "ICC tourney 2532 (25 5)"]
[Site "Internet Chess Club"]
[Date "2021.04.24"]
[Round "4"]
[White "MERO, DANIEL:K12-15247388"]
[Black "M TERRIEN, THOMAS:K12-15697398"]
[Result "1-0"]
[ICCResult "Black checkmated"]
[WhiteElo "1858"]
[BlackElo "767"]
[Opening "Sicilian defense"]
[ECO "B34"]
[NIC "SI.34"]
[Time "17:05:59"]
[PlyCount "53"]
[TimeControl "1500+5"]

1. e4 c5 2. Nf3 Nc6 3. d4 cxd4 4. Nxd4 Nf6 5. Nc3 g6 6. Be3 Bg7 7. Nxc6
bxc6 8. e5 Nh5 9. Bd4 O-O 10. Be2 d6 11. Bxh5 dxe5 12. Be3 gxh5 13. Qxh5
Be6 14. Bh6 Bxh6 15. Qxh6 Bf5 16. Rd1 Qa5 17. Qg5+ Bg6 18. h4 f6 19. Qg3 e4
20. h5 Kg7 21. hxg6 hxg6 22. Rd7 Rae8 23. Qf4 Qb4 24. Qxe4 Qxb2 25. Kd2 Kf7
26. Rh7+ Kg8 27. Qxg6# { Black checkmated } 1-0

[Event "ICC tourney 2532 (25 5)"]
[Site "Internet Chess Club"]
[Date "2021.04.24"]
[Round "4"]
[White "SUCHERMAN, ETHAN:K12-16996535"]
[Black "IYER, AYUSH:K12-15543394"]
[Result "0-1"]
[ICCResult "White checkmated"]
[WhiteElo "674"]
[BlackElo "1369"]
[Opening "Queen's pawn: Chigorin variation"]
[ECO "D00"]
[NIC "QP.08"]
[Time "17:06:43"]
[PlyCount "88"]
[TimeControl "1500+5"]

1. d4 d5 2. Nc3 Nf6 3. Nf3 Bf5 4. Bf4 Nc6 5. Nb5 Rc8 6. e3 a6 7. Nc3 e6 8.
Bd3 Bg6 9. Bxg6 fxg6 10. Ne5 Bd6 11. Nxc6 bxc6 12. Bxd6 cxd6 13. Qe2 Qb6
14. Qd3 O-O 15. b3 e5 16. dxe5 dxe5 17. e4 dxe4 18. Nxe4 Nxe4 19. Qxe4
Qxf2+ 20. Kd1 Qd4+ 21. Qxd4 exd4 22. Re1 Rf2 23. Rg1 Re8 24. Kc1 Ree2 25.
h3 Rxc2+ 26. Kd1 Rxa2 27. Rxa2 Rxa2 28. Kc1 Ra1+ 29. Kc2 Rxg1 30. Kd3 Rxg2
31. Kxd4 Rg3 32. Kc5 Rxb3 33. h4 Rh3 34. Kxc6 Rxh4 35. Kb6 g5 36. Kxa6 g4
37. Ka7 g3 38. Ka8 g2 39. Kb8 g1=Q 40. Ka8 Qg2+ 41. Kb8 Rb4+ 42. Kc8 Qb7+
43. Kd8 Rd4+ 44. Ke8 Qd7# { White checkmated } 0-1

[Event "ICC tourney 2532 (25 5)"]
[Site "Internet Chess Club"]
[Date "2021.04.24"]
[Round "4"]
[White "WOLF MILSTEIN, DAVID:K12-15780704"]
[Black "JONES, JAVADE:K12-16985577"]
[Result "0-1"]
[ICCResult "White checkmated"]
[WhiteElo "1253"]
[BlackElo "432"]
[Opening "Robatsch (modern) defense"]
[ECO "A40"]
[NIC "KF.05"]
[Time "17:07:18"]
[PlyCount "36"]
[TimeControl "1500+5"]

1. d4 g6 2. e4 Bg7 3. e5 c5 4. c3 cxd4 5. cxd4 d6 6. f4 dxe5 7. fxe5 Nh6 8.
Nf3 O-O 9. Bd3 Nc6 10. Be3 Nf5 11. Be4 Nxe3 12. Qc1 Bh6 13. Nfd2 Nxd4 14.
Nc3 Bf5 15. Bxb7 Ndc2+ 16. Kf2 Ng4+ 17. Ke2 Qd3+ 18. Kd1 Nf2# { White
checkmated } 0-1

[Event "ICC tourney 2532 (25 5)"]
[Site "Internet Chess Club"]
[Date "2021.04.24"]
[Round "4"]
[White "TRAN, JACEY:K12-15174202"]
[Black "NIRAG SHAH, ARYA:K12-17096474"]
[Result "0-1"]
[ICCResult "White checkmated"]
[WhiteElo "1538"]
[BlackElo "1975"]
[Opening "QGA: 3.e4"]
[ECO "D20"]
[NIC "QG.04"]
[Time "17:06:46"]
[PlyCount "46"]
[TimeControl "1500+5"]

1. d4 d5 2. c4 dxc4 3. e4 b5 4. Nc3 a6 5. Nf3 Bb7 6. d5 Nf6 7. a3 c6 8. Bg5
cxd5 9. Bxf6 gxf6 10. Nxd5 e6 11. Nc3 Qxd1+ 12. Rxd1 Nd7 13. Nd2 Rd8 14.
Be2 Nc5 15. f3 Bh6 16. O-O Rxd2 17. Rb1 Ke7 18. f4 Nxe4 19. Nxe4 Bxe4 20.
Rbe1 Bb7 21. Bg4 Rxg2+ 22. Kh1 Rxg4+ 23. Rf3 Bxf3# { White checkmated } 0-1

[Event "ICC tourney 2532 (25 5)"]
[Site "Internet Chess Club"]
[Date "2021.04.24"]
[Round "4"]
[White "PALLIYATH, YUVRAJ:K12-17213791"]
[Black "CHARLES ENGERISER, WILSON:K12-14899274"]
[Result "1-0"]
[ICCResult "Black checkmated"]
[WhiteElo "473"]
[BlackElo "1089"]
[Opening "French: Two knights variation"]
[ECO "C00"]
[NIC "FR.01"]
[Time "17:06:35"]
[PlyCount "43"]
[TimeControl "1500+5"]

1. e4 e6 2. Nf3 d5 3. Nc3 d4 4. Nb5 Nc6 5. c3 a6 6. Nbxd4 Nxd4 7. Nxd4 Bc5
8. Nf3 Nf6 9. d4 Bb6 10. e5 Nd5 11. Bd3 f6 12. O-O c5 13. Be3 Nxe3 14. fxe3
g5 15. Nd2 cxd4 16. Qh5+ Ke7 17. exf6+ Kd6 18. Nc4+ Kc6 19. Be4+ Kb5 20.
Na3+ Ka5 21. Qxg5+ Ka4 22. Bc2# { Black checkmated } 1-0

[Event "ICC tourney 2532 (25 5)"]
[Site "Internet Chess Club"]
[Date "2021.04.24"]
[Round "4"]
[White "EL MOSELHY, ALI:K12-14881746"]
[Black "VENKATESH NATARAJAN, ARAVINTH:K12-17300200"]
[Result "0-1"]
[ICCResult "White resigns"]
[WhiteElo "1394"]
[BlackElo "1824"]
[Opening "English: four knights, 4.e3"]
[ECO "A28"]
[NIC "EO.05"]
[Time "17:16:05"]
[PlyCount "20"]
[TimeControl "1500+5"]

1. c4 e5 2. Nc3 Nf6 3. Nf3 Nc6 4. e3 Bb4 5. Qc2 O-O 6. Nd5 h6 7. Qf5 Nxd5
8. cxd5 d6 9. a3 Bxf5 10. axb4 Nxb4 { White resigns } 0-1

[Event "ICC tourney 2532 (25 5)"]
[Site "Internet Chess Club"]
[Date "2021.04.24"]
[Round "4"]
[White "BALAJI, SOORYA:K12-16773233"]
[Black "R PANUELOS, MIKE:K12-15240866"]
[Result "0-1"]
[ICCResult "White checkmated"]
[WhiteElo "463"]
[BlackElo "1137"]
[Opening "Sicilian: Labourdonnais-Löwenthal variation"]
[ECO "B32"]
[NIC "SI.32"]
[Time "17:06:36"]
[PlyCount "46"]
[TimeControl "1500+5"]

1. e4 c5 2. Nf3 Nc6 3. d4 cxd4 4. Nxd4 e5 5. Nxc6 bxc6 6. Bc4 Nf6 7. Nc3
Bb4 8. Bd3 d5 9. exd5 cxd5 10. Bd2 O-O 11. O-O e4 12. Be2 Re8 13. Nb5 Bxd2
14. Qxd2 Rb8 15. Nxa7 Rxb2 16. Bb5 Bd7 17. Nc6 Rxb5 18. Nxd8 Rxd8 19. a4
Rb7 20. Qa5 Rdb8 21. Rfb1 Rxb1+ 22. Rxb1 Rxb1+ 23. Qe1 Rxe1# { White
checkmated } 0-1

[Event "ICC tourney 2532 (25 5)"]
[Site "Internet Chess Club"]
[Date "2021.04.24"]
[Round "4"]
[White "SHINDER, MICHAEL:K12-16269718"]
[Black "SAUDEK, BEN:K12-17211458"]
[Result "1/2-1/2"]
[ICCResult "Black stalemated"]
[WhiteElo "1571"]
[BlackElo "711"]
[Opening "Queen's pawn game"]
[ECO "A45"]
[NIC "QP.07"]
[Time "17:06:56"]
[PlyCount "139"]
[TimeControl "1500+5"]

1. d4 Nf6 2. Nc3 e6 3. Nf3 d5 4. Bg5 h6 5. Bh4 c5 6. e3 Nc6 7. Bb5 Bd7 8.
Ne5 Nxe5 9. dxe5 Bxb5 10. Nxb5 g5 11. exf6 gxh4 12. Qf3 Qa5+ 13. Nc3 d4 14.
Qxb7 Rd8 15. Qc6+ Rd7 16. Rd1 Qc7 17. Qxc7 Rxc7 18. exd4 cxd4 19. Rxd4 Bc5
20. Rd2 Rg8 21. O-O h3 22. g3 Rg6 23. Rfd1 Rxf6 24. Rd8+ Ke7 25. Ne4 Rf5
26. Rh8 Re5 27. Nxc5 Rcxc5 28. c3 Rcd5 29. Rf1 Rd2 30. Rxh6 Rxb2 31. Rxh3
Rxa2 32. Rh4 Rc2 33. Rc4 Kd6 34. Rd1+ Rd5 35. Rxd5+ Kxd5 36. Ra4 Rxc3 37.
Rxa7 f5 38. h4 Ke5 39. h5 Rc8 40. h6 Rh8 41. h7 Kf6 42. Kg2 Kg6 43. Kf3
Rxh7 44. Rxh7 Kxh7 45. Kf4 Kg6 46. Ke5 Kf7 47. f3 Ke7 48. f4 Kf7 49. Kd6
Kf6 50. Kc5 e5 51. Kd5 exf4 52. gxf4 Kg6 53. Ke5 Kg7 54. Kxf5 Kf7 55. Ke5
Ke7 56. f5 Kf7 57. f6 Kf8 58. Kf5 Kf7 59. Kg5 Kf8 60. Kf4 Kf7 61. Ke5 Kf8
62. Ke6 Ke8 63. Kf5 Kf7 64. Kg5 Kf8 65. Kg6 Kg8 66. Kh6 Kf7 67. Kg5 Kf8 68.
Kg6 Kg8 69. f7+ Kf8 70. Kf6 { Black stalemated } 1/2-1/2

[Event "ICC tourney 2532 (25 5)"]
[Site "Internet Chess Club"]
[Date "2021.04.24"]
[Round "4"]
[White "BELLUSH, IAN:K12-15375567"]
[Black "PAI, RAHUL:K12-16742108"]
[Result "0-1"]
[ICCResult "White resigns"]
[WhiteElo "1373"]
[BlackElo "1776"]
[Opening "Nimzo-Indian defense"]
[ECO "E20"]
[NIC "NI.30"]
[Time "17:07:24"]
[PlyCount "50"]
[TimeControl "1500+5"]

1. d4 Nf6 2. c4 e6 3. Nc3 Bb4 4. Bd2 O-O 5. Nf3 b6 6. e3 Bb7 7. Be2 d6 8.
a3 Bxc3 9. Bxc3 Ne4 10. Qc2 f5 11. O-O Nd7 12. Rfd1 Qe7 13. Bd3 Nxc3 14.
Qxc3 Rf6 15. d5 e5 16. Nh4 e4 17. Bc2 g5 18. Nxf5 Rxf5 19. Rd4 Re5 20. f4
exf3 21. gxf3 Rxe3 22. Qd2 Re8 23. Kf2 Re2+ 24. Qxe2 Qxe2+ 25. Kg3 Qe5+ {
White resigns } 0-1

[Event "ICC tourney 2532 (25 5)"]
[Site "Internet Chess Club"]
[Date "2021.04.24"]
[Round "4"]
[White "XU, NOAH:K12-15302005"]
[Black "BAKER NAGAR, SIKANDER:K12-16973491"]
[Result "0-1"]
[ICCResult "White resigns"]
[WhiteElo "1897"]
[BlackElo "1383"]
[Opening "French: Tarrasch, closed variation"]
[ECO "C05"]
[NIC "FR.17"]
[Time "17:06:31"]
[PlyCount "76"]
[TimeControl "1500+5"]

1. e4 e6 2. d4 d5 3. Nd2 Nf6 4. e5 Nfd7 5. Bd3 c5 6. c3 Nc6 7. Ngf3 Qb6 8.
O-O cxd4 9. cxd4 Nxd4 10. Nxd4 Qxd4 11. Nf3 Qb6 12. Qa4 Qb4 13. Qc2 h6 14.
Bd2 Qc5 15. Qa4 Qb6 16. Qb5 Qxb5 17. Bxb5 a6 18. Ba4 b5 19. Bc2 Bb7 20. a3
Nb6 21. Bd3 Be7 22. Be3 Nc4 23. Bd4 O-O 24. b3 Na5 25. b4 Nc4 26. Rfc1 Rac8
27. Rc3 f6 28. exf6 Bxf6 29. Bxf6 Rxf6 30. Nd4 e5 31. Ne2 d4 32. Rcc1 Rcf8
33. f3 Ne3 34. Rc7 Ba8 35. Rac1 e4 36. Bxe4 Bxe4 37. fxe4 d3 38. Ng3 d2 {
White resigns } 0-1

[Event "ICC tourney 2532 (25 5)"]
[Site "Internet Chess Club"]
[Date "2021.04.24"]
[Round "4"]
[White "ELLIS, PRESTON:K12-16267430"]
[Black "GUPTA, ESHAN:K12-16099390"]
[Result "1-0"]
[ICCResult "Black checkmated"]
[WhiteElo "733"]
[BlackElo "1659"]
[Opening "Giuoco Pianissimo: Italian four knights variation"]
[ECO "C50"]
[NIC "IG.02"]
[Time "17:07:26"]
[PlyCount "45"]
[TimeControl "1500+5"]

1. e4 e5 2. Nf3 Nc6 3. Bc4 Bc5 4. Nc3 Nf6 5. d3 h6 6. Be3 Bb6 7. O-O d6 8.
Nd5 O-O 9. Nh4 Nxd5 10. exd5 Qxh4 11. dxc6 bxc6 12. Qf3 Rb8 13. Rae1 Bb7
14. Bd2 c5 15. Qf5 Qe7 16. Re3 Bc8 17. Qh5 Be6 18. Rg3 Bxc4 19. Qxh6 f6 20.
dxc4 g5 21. Bxg5 fxg5 22. Rxg5+ Kf7 23. Qg6# { Black checkmated } 1-0

[Event "ICC tourney 2532 (25 5)"]
[Site "Internet Chess Club"]
[Date "2021.04.24"]
[Round "4"]
[White "PHILIP MOOR, NATHANIEL:K12-15012516"]
[Black "MICHAEL RODRIGUEZ, BRADLEY:K12-14653376"]
[Result "1-0"]
[ICCResult "Black checkmated"]
[WhiteElo "2180"]
[BlackElo "1609"]
[Opening "Sicilian: dragon, Yugoslav attack, 10.O-O-O"]
[ECO "B78"]
[NIC "SI.18"]
[Time "17:05:50"]
[PlyCount "47"]
[TimeControl "1500+5"]

1. e4 c5 2. Nf3 d6 3. d4 cxd4 4. Nxd4 Nf6 5. Nc3 g6 6. Be3 Bg7 7. Bc4 Nc6
8. f3 O-O 9. Qd2 Bd7 10. O-O-O Rc8 11. Bb3 a6 12. h4 h5 13. Rdg1 b5 14.
Nxc6 Bxc6 15. g4 Qc7 16. gxh5 Nxh5 17. Rxg6 Kh8 18. Rxg7 Kxg7 19. Bd4+ Nf6
20. Qg5+ Kh7 21. Qf5+ Kh8 22. Qh5+ Kg8 23. Rg1+ Ng4 24. Qh8# { Black
checkmated } 1-0

[Event "ICC tourney 2532 (25 5)"]
[Site "Internet Chess Club"]
[Date "2021.04.24"]
[Round "4"]
[White "HENRY MOSES, KOLE:K12-14682221"]
[Black "LARA, SEBASTIAN:K12-17264378"]
[Result "1-0"]
[ICCResult "Black resigns"]
[WhiteElo "1347"]
[BlackElo "585"]
[Opening "French defense, Steiner variation"]
[ECO "C00"]
[NIC "FR.01"]
[Time "17:06:09"]
[PlyCount "87"]
[TimeControl "1500+5"]

1. e4 e6 2. c4 b6 3. Nc3 Bb7 4. d4 Bb4 5. Bd3 Nf6 6. Qe2 O-O 7. Bg5 Re8 8.
h4 h6 9. Bd2 d5 10. cxd5 Bxc3 11. bxc3 exd5 12. e5 Nbd7 13. f3 c5 14. g4 c4
15. Bc2 Nh7 16. g5 h5 17. g6 fxg6 18. Bxg6 Re7 19. Bxh5 Ndf6 20. Bg6 Nf8
21. Bf5 Bc8 22. Bc2 Qe8 23. Qg2 N6d7 24. f4 Qh5 25. Qxd5+ Ne6 26. Qxa8 Re8
27. Qf3 Qxf3 28. Nxf3 Bb7 29. O-O Rf8 30. Ng5 Nxg5 31. hxg5 b5 32. Rab1 a6
33. f5 Nb6 34. f6 gxf6 35. gxf6 Kf7 36. Kf2 Rh8 37. Bf4 Nd5 38. Be4 Rh4 39.
Bxd5+ Bxd5 40. Kg3 Rh7 41. Rf2 Rg7+ 42. fxg7 Kxg7 43. a4 Be4 44. Rb4 {
Black resigns } 1-0

[Event "ICC tourney 2532 (25 5)"]
[Site "Internet Chess Club"]
[Date "2021.04.24"]
[Round "4"]
[White "EMARA, ZIYAD:K12-16012428"]
[Black "WANG, ANDREW:K12-14159754"]
[Result "0-1"]
[ICCResult "White checkmated"]
[WhiteElo "764"]
[BlackElo "1840"]
[Opening "Four knights: Italian variation"]
[ECO "C55"]
[NIC "IG.01"]
[Time "17:06:23"]
[PlyCount "50"]
[TimeControl "1500+5"]

1. e4 e5 2. Nf3 Nc6 3. Bc4 Nf6 4. Nc3 Nxe4 5. Nxe4 d5 6. Bd3 dxe4 7. Bxe4
Bd6 8. d3 O-O 9. Bd2 Ne7 10. Ng5 h6 11. Nh3 Bxh3 12. gxh3 Qd7 13. Qh5 f5
14. Bf3 Qe8 15. Qh4 Ng6 16. Qh5 e4 17. dxe4 fxe4 18. Be2 Nf4 19. Bxf4 Bxf4
20. Qd5+ Kh8 21. Qxb7 e3 22. fxe3 Qxe3 23. Qd5 Rad8 24. Qa5 Bg3+ 25. hxg3
Qf2# { White checkmated } 0-1

[Event "ICC tourney 2532 (25 5)"]
[Site "Internet Chess Club"]
[Date "2021.04.24"]
[Round "4"]
[White "SHAH GUSTAFSSON, LINNEA:K12-16094078"]
[Black "BHOWMIK, AKASH:K12-14722632"]
[Result "0-1"]
[ICCResult "White resigns"]
[WhiteElo "1041"]
[BlackElo "1736"]
[Opening "Ruy Lopez: four knights (Tarrasch) variation"]
[ECO "C77"]
[NIC "RL.12"]
[Time "17:06:41"]
[PlyCount "84"]
[TimeControl "1500+5"]

1. e4 e5 2. Nf3 Nc6 3. Bb5 a6 4. Ba4 Nf6 5. Nc3 b5 6. Bb3 Be7 7. d3 O-O 8.
O-O Bb7 9. Be3 d6 10. a3 Nb8 11. Qd2 Nbd7 12. Rfe1 c5 13. Ne2 Nb6 14. c3 c4
15. Bxb6 Qxb6 16. dxc4 Bxe4 17. cxb5 Bxf3 18. gxf3 axb5 19. Ng3 Rfe8 20.
Rad1 Rad8 21. Nf5 Bf8 22. Kh1 d5 23. Rg1 g6 24. Nh6+ Bxh6 25. Qxh6 Qxf2 26.
Qg5 Qxf3+ 27. Qg2 Qxg2+ 28. Rxg2 Kg7 29. Rgd2 Re7 30. Bxd5 Red7 31. b3 Rxd5
32. Rxd5 Rxd5 33. Rxd5 Nxd5 34. c4 bxc4 35. bxc4 Nc7 36. a4 Kf6 37. Kg2 Ke6
38. Kf3 f5 39. a5 Kd6 40. Ke3 Kc5 41. Kd3 Kb4 42. h3 Kxa5 { White resigns }
0-1

[Event "ICC tourney 2532 (25 5)"]
[Site "Internet Chess Club"]
[Date "2021.04.24"]
[Round "4"]
[White "WANG, LUCAS:K12-16797884"]
[Black "WADE, WILL:K12-15902787"]
[Result "0-1"]
[ICCResult "White checkmated"]
[WhiteElo "548"]
[BlackElo "1156"]
[Opening "Four knights: Scotch, 4...exd4"]
[ECO "C47"]
[NIC "KP.06"]
[Time "17:07:01"]
[PlyCount "110"]
[TimeControl "1500+5"]

1. e4 e5 2. Nf3 Nc6 3. Nc3 Nf6 4. d4 exd4 5. Nxd4 Nxd4 6. Qxd4 d6 7. Bf4
Be7 8. Bc4 O-O 9. O-O Be6 10. Rfe1 Bxc4 11. Qxc4 Nd7 12. Rad1 Nb6 13. Qd3
Bf6 14. h3 Qe7 15. f3 Be5 16. Bxe5 Qxe5 17. Kf2 Rfe8 18. g3 Qh5 19. Kg2 Re6
20. a4 a6 21. a5 Nd7 22. b4 c6 23. Re3 Rae8 24. Qc4 d5 25. Qd4 f5 26. Rde1
fxe4 27. fxe4 Nf6 28. exd5 Rxe3 29. Rxe3 Rxe3 30. Qxe3 Nxd5 31. Nxd5 Qxd5+
32. Kh2 Kf7 33. Qb3 Qxb3 34. cxb3 Ke6 35. Kg2 Kd5 36. Kf3 Kd4 37. Kf4 Kc3
38. Ke5 Kxb3 39. Ke6 Kxb4 40. Kf7 g5 41. Kg7 h5 42. Kg6 h4 43. gxh4 gxh4
44. Kg5 c5 45. Kxh4 c4 46. Kg4 c3 47. h4 c2 48. h5 c1=Q 49. Kh4 Qf4+ 50.
Kh3 Kc3 51. Kg2 Kd3 52. Kh1 Qg3 53. h6 Ke2 54. h7 Kf2 55. h8=Q Qg2# { White
checkmated } 0-1

[Event "ICC tourney 2532 (25 5)"]
[Site "Internet Chess Club"]
[Date "2021.04.24"]
[Round "4"]
[White "SHAH, MAHAVIR:K12-14742490"]
[Black "MARCELIA, DAVID:K12-17209595"]
[Result "0-1"]
[ICCResult "White checkmated"]
[WhiteElo "677"]
[BlackElo "1374"]
[Opening "Dutch"]
[ECO "A80"]
[NIC "HD.12"]
[Time "17:06:43"]
[PlyCount "52"]
[TimeControl "1500+5"]

1. d4 f5 2. Nf3 Nf6 3. Nc3 g6 4. e3 Bg7 5. h3 O-O 6. Bc4+ Kh8 7. O-O d6 8.
Re1 Nbd7 9. e4 fxe4 10. Nxe4 Nxe4 11. Rxe4 c6 12. Re1 e5 13. c3 d5 14. Bb3
e4 15. Ng5 Qf6 16. f3 h6 17. Nxe4 dxe4 18. Rxe4 Nb6 19. Rf4 Qd6 20. Rxf8+
Bxf8 21. c4 Qg3 22. c5 Bxh3 23. Qe2 Nd5 24. Bc2 Re8 25. Qf2 Re1+ 26. Qxe1
Qxg2# { White checkmated } 0-1

[Event "ICC tourney 2532 (25 5)"]
[Site "Internet Chess Club"]
[Date "2021.04.24"]
[Round "4"]
[White "ROOPE, JAYLEN:K12-16442587"]
[Black "REDDY, KETHAN:K12-16466260"]
[Result "1-0"]
[ICCResult "Black checkmated"]
[WhiteElo "1514"]
[BlackElo "1001"]
[Opening "French: exchange variation"]
[ECO "C01"]
[NIC "FR.01"]
[Time "17:06:11"]
[PlyCount "91"]
[TimeControl "1500+5"]

1. e4 e6 2. d4 d5 3. exd5 exd5 4. Nf3 c5 5. c3 Nc6 6. Be3 Qb6 7. b3 cxd4 8.
Nxd4 Nxd4 9. Bxd4 Qc7 10. Bb5+ Bd7 11. Qe2+ Kd8 12. O-O Nf6 13. Bxf6+ gxf6
14. Rd1 Qd6 15. c4 d4 16. Bxd7 Kxd7 17. Qg4+ Kc7 18. Qxd4 Qxd4 19. Rxd4 Bg7
20. Rd3 Rae8 21. Nc3 Re6 22. Rad1 Rhe8 23. g3 Re1+ 24. Rxe1 Rxe1+ 25. Kg2
Re7 26. Nd5+ Kd7 27. Nxe7+ Kxe7 28. f4 Ke6 29. Kf3 Bf8 30. Ke4 f5+ 31. Kf3
Bg7 32. Rd8 Bd4 33. Rxd4 b6 34. g4 fxg4+ 35. Kxg4 Kf6 36. Rd7 a6 37. Rd6+
Kg7 38. Rxb6 f6 39. c5 Kg6 40. c6 f5+ 41. Kh4 Kf6 42. c7+ Ke7 43. c8=Q Kf7
44. Qe6+ Kg7 45. Rb7+ Kf8 46. Qc8# { Black checkmated } 1-0

[Event "ICC tourney 2532 (25 5)"]
[Site "Internet Chess Club"]
[Date "2021.04.24"]
[Round "4"]
[White "BASTIANI FONCK, CLAUDIO:K12-16874166"]
[Black "PRAKASH SINGH, AAYUSH:K12-14598152"]
[Result "0-1"]
[ICCResult "White resigns"]
[WhiteElo "1377"]
[BlackElo "1787"]
[Opening "Four knights: Italian variation"]
[ECO "C55"]
[NIC "IG.01"]
[Time "17:07:02"]
[PlyCount "62"]
[TimeControl "1500+5"]

1. e4 e5 2. Nf3 Nc6 3. Bc4 Nf6 4. Nc3 Nxe4 5. Bxf7+ Kxf7 6. Nxe4 d5 7. Ng3
Bd6 8. d3 Rf8 9. O-O Kg8 10. h3 Qf6 11. Re1 Bxh3 12. Bg5 Qf7 13. gxh3 Qxf3
14. Qxf3 Rxf3 15. Kg2 Raf8 16. Rf1 R3f7 17. c3 Ne7 18. Rae1 Nf5 19. Nxf5
Rxf5 20. Be3 a6 21. Bd2 R8f6 22. Re3 Bc5 23. Re2 Rg6+ 24. Kh2 Bd6 25. Kh1
d4 26. f4 exf4 27. cxd4 f3 28. Re8+ Kf7 29. Rh8 Rg2 30. Be1 Rh2+ 31. Kg1
Rg5+ { White resigns } 0-1

[Event "ICC tourney 2532 (25 5)"]
[Site "Internet Chess Club"]
[Date "2021.04.24"]
[Round "4"]
[White "YOGESH MEHTA, HARSHIL:K12-14612857"]
[Black "SU, KENNETH:K12-15191452"]
[Result "0-1"]
[ICCResult "White checkmated"]
[WhiteElo "1288"]
[BlackElo "2160"]
[Opening "KP: Nimzovich defense"]
[ECO "B00"]
[NIC "VO.04"]
[Time "17:06:21"]
[PlyCount "124"]
[TimeControl "1500+5"]

1. e4 Nc6 2. d4 e5 3. d5 Nce7 4. Nf3 Ng6 5. Bc4 Nf6 6. Nc3 Bb4 7. Bd2 O-O
8. Qe2 d6 9. h3 Bxc3 10. Bxc3 Nf4 11. Qf1 Nxe4 12. Bd2 Nxd2 13. Nxd2 f5 14.
g4 fxg4 15. hxg4 Bxg4 16. f3 Bf5 17. O-O-O a6 18. Ne4 Bxe4 19. fxe4 Qg5 20.
Kb1 Qg2 21. Qe1 Ng6 22. Rd2 Qg5 23. Rdh2 h6 24. Rg1 Qf6 25. Rh5 Nf4 26. Rf5
Qe7 27. Rf1 Rxf5 28. exf5 Qf6 29. Qe4 Rf8 30. Bd3 Nxd3 31. Qxd3 Kh8 32. Qc3
Qf7 33. Qe3 Qxd5 34. b3 Qd4 35. Qg3 Qe4 36. Qg6 Rf6 37. Qe8+ Kh7 38. Qd7
Qg2 39. Rc1 h5 40. Qxc7 h4 41. Qa5 Rh6 42. Qe1 h3 43. Qh1 Qxh1 44. Rxh1 h2
45. a4 Kg8 46. c4 Kf7 47. b4 Kf6 48. Kb2 Kxf5 49. Kc3 g5 50. a5 g4 51. b5
axb5 52. cxb5 g3 53. a6 bxa6 54. b6 Rh8 55. Rf1+ Ke6 56. b7 g2 57. Rd1 g1=Q
58. Re1 Qxe1+ 59. Kb3 Rb8 60. Ka4 Qb1 61. Ka5 Rxb7 62. Ka4 Qb4# { White
checkmated } 0-1

[Event "ICC tourney 2532 (25 5)"]
[Site "Internet Chess Club"]
[Date "2021.04.24"]
[Round "4"]
[White "FRIDLYAND FRIDLYAND, DANIEL:K12-14634753"]
[Black "ORTIZ, ERIK:K12-17325236"]
[Result "1-0"]
[ICCResult "Black checkmated"]
[WhiteElo "1594"]
[BlackElo "656"]
[Opening "QGD: Ragozin variation"]
[ECO "D38"]
[NIC "NI.27"]
[Time "17:07:07"]
[PlyCount "145"]
[TimeControl "1500+5"]

1. d4 d5 2. Nf3 Nf6 3. c4 e6 4. Nc3 Bb4 5. Bg5 O-O 6. e3 Nbd7 7. Bd3 b6 8.
O-O Bb7 9. Qc2 c5 10. cxd5 exd5 11. Bxh7+ Kh8 12. Bf5 Qc7 13. Bxd7 Nxd7 14.
Ne2 c4 15. Bf4 Bd6 16. Bxd6 Qxd6 17. Qf5 Qe6 18. Qh5+ Kg8 19. Ng5 Qg6 20.
Qxg6 fxg6 21. Nf4 Rf6 22. Rfc1 Rc8 23. b3 Nf8 24. bxc4 dxc4 25. Rc3 Nh7 26.
Nxh7 Kxh7 27. Rac1 b5 28. a4 a6 29. axb5 axb5 30. Rb1 Ba6 31. Nd5 Rd6 32.
Nb4 Bb7 33. Ra1 Ra8 34. Rxa8 Bxa8 35. f3 Kh6 36. Kf2 Rd7 37. Ra3 Bd5 38.
Nxd5 Rxd5 39. Ke2 Rg5 40. g3 Rd5 41. g4 b4 42. Ra4 Rb5 43. Kd2 c3+ 44. Kc2
b3+ 45. Kb1 c2+ 46. Kb2 c1=Q+ 47. Kxc1 b2+ 48. Kb1 Rb3 49. d5 Rxe3 50. Rd4
Rxf3 51. d6 Rf8 52. d7 Rd8 53. h4 Kh7 54. Kxb2 Kg8 55. Kc3 Kf7 56. Kd3 Ke7
57. Ke4 g5 58. hxg5 Rxd7 59. Rxd7+ Kxd7 60. Kf5 Ke8 61. Kg6 Kf8 62. Kh7 Kf7
63. g6+ Kf8 64. g5 Ke7 65. Kxg7 Ke8 66. Kh7 Kf8 67. g7+ Kf7 68. g8=Q+ Ke7
69. Qd5 Kf8 70. Qb7 Ke8 71. g6 Kf8 72. g7+ Ke8 73. g8=Q# { Black checkmated
} 1-0

[Event "ICC tourney 2532 (25 5)"]
[Site "Internet Chess Club"]
[Date "2021.04.24"]
[Round "4"]
[White "KOLAKALETI, SUSHEN:K12-15197630"]
[Black "GOPINATH, ABHINAYA:K12-16979217"]
[Result "1-0"]
[ICCResult "Black checkmated"]
[WhiteElo "1676"]
[BlackElo "670"]
[Opening "Queen's pawn game, Chigorin variation"]
[ECO "D02"]
[NIC "QP.08"]
[Time "17:17:10"]
[PlyCount "75"]
[TimeControl "1500+5"]

1. d4 d5 2. Nf3 Nc6 3. Bf4 f6 4. e3 e5 5. dxe5 fxe5 6. Nxe5 Nxe5 7. Bxe5
Bd6 8. Bxg7 Be5 9. Bxe5 Qe7 10. Bxh8 Bf5 11. Bc3 Nh6 12. Qh5+ Nf7 13. Qxf5
Nd6 14. Qxd5 c6 15. Qe5 Qxe5 16. Bxe5 Nc4 17. Bc3 Rd8 18. Nd2 Nd6 19. O-O-O
Nb5 20. Bxb5 cxb5 21. Nf3 Rxd1+ 22. Rxd1 Kf7 23. Nd4 b4 24. Bxb4 Kg6 25.
Bc5 b6 26. Bd6 h6 27. Bc7 h5 28. Nc6 b5 29. Nxa7 Kg5 30. Nxb5 Kg4 31. a4 h4
32. h3+ Kf5 33. Rd6 Ke4 34. Kd2 Ke5 35. Kd3 Kf5 36. f3 Ke5 37. f4+ Kf5 38.
Nd4# { Black checkmated } 1-0

[Event "ICC tourney 2532 (25 5)"]
[Site "Internet Chess Club"]
[Date "2021.04.24"]
[Round "4"]
[White "CLASBY, DEREK:K12-15194211"]
[Black "PRABHU, NAVEEN:K12-14949284"]
[Result "1-0"]
[ICCResult "Black resigns"]
[WhiteElo "2286"]
[BlackElo "2037"]
[Opening "French: Tarrasch, open variation"]
[ECO "C07"]
[NIC "FR.19"]
[Time "17:07:26"]
[PlyCount "49"]
[TimeControl "1500+5"]

1. e4 e6 2. d4 d5 3. Nd2 c5 4. exd5 Qxd5 5. Ngf3 cxd4 6. Bc4 Qd6 7. O-O Nf6
8. Nb3 Nc6 9. Nbxd4 Nxd4 10. Nxd4 Qc7 11. Qe2 a6 12. Bg5 Be7 13. Rfe1 O-O
14. Rad1 b5 15. Bb3 h6 16. Bh4 Rd8 17. c3 e5 18. Bg3 Nd7 19. Nf5 Bf6 20.
Qh5 Rf8 21. Bh4 Bxh4 22. Qg6 Bf6 23. Nxh6+ Kh8 24. Nxf7+ Rxf7 25. Qh5+ {
Black resigns } 1-0